 Dungeon Crawl Stone Soup version 0.27.0-1-g7a089689b8 (webtiles) character file.

Game seed: 16190604701959268859

49 Smaepdii the Cudgeller (level 3, 0/23 HPs)
             Began as a Gargoyle Fighter on Aug 6, 2021.
             Was a Believer of Dithmenos.
             Slain by a jackal (1 damage)
             ... on level 1 of the Dungeon.
             The game lasted 00:03:20 (1301 turns).

Smaepdii the Cudgeller (Gargoyle Fighter)           Turns: 1301, Time: 00:03:20

Health: 0/23       AC: 11    Str: 19    XL:     3   Next: 75%
Magic:  3/3        EV:  9    Int:  8    God:    Dithmenos [**....]
Gold:   28         SH:  0    Dex: 10    Spells: 2/2 levels left

rFire    . . .     SeeInvis .   a - +0 flail
rCold    . . .     Faith    .   (no shield)
rNeg     + . .     Spirit   .   b - +0 scale mail
rPois    ∞         Reflect  .   (no helmet)
rElec    +         Harm     .   g - +0 cloak
rCorr    .         Rampage  .   (no gloves)
Will     .....                  (no boots)
Stlth    ..........             (no amulet)
HPRegen  0.07/turn              (no ring)
MPRegen  0.08/turn              (no ring)

@: wreathed by umbra
A: sickness immunity, AC +3, negative energy resistance 1, electricity
resistance, torment resistance 1, petrification resistance
a: Renounce Religion, Shadow Step


You were on level 1 of the Dungeon.
You worshipped Dithmenos.
Dithmenos was pleased with you.
You visited 1 branch of the dungeon, and saw 2 of its levels.

You collected 28 gold pieces.

Inventory:

Hand Weapons
 a - a +0 flail (weapon)
Armour
 b - a +0 scale mail (worn)
 c - a +0 kite shield
 g - a +0 cloak (worn)
Scrolls
 e - a scroll of immolation {unknown}
 h - 4 scrolls of teleportation {unknown}
 i - 3 scrolls of acquirement {unknown}
Potions
 d - a potion of might
 f - 2 potions of lignification {unknown}
 j - a potion of magic {unknown}
 k - a potion of brilliance {unknown}


   Skills:
 - Level 3.2 Fighting
 * Level 4.0 Maces & Flails
 - Level 3.2 Armour
 - Level 3.2 Shields


You had 2 spell levels left.
You didn't know any spells.
Your spell library was empty.

Dungeon Overview and Level Annotations

Branches:
Dungeon (2/15)

Altars:
Dithmenos
Okawaru


Innate Abilities, Weirdness & Mutations

You are immune to sickness and miasma.
Your stone body is resilient. (AC +3)
You are immune to poison.
You resist negative energy. (rN+)
You are resistant to electric shocks. (rElec)
You are resistant to unholy torment.
You are immune to petrification.


Message History

Your scale mail prevents you from hitting the adder.
The adder is heavily wounded.
The jackal closely misses you. The jackal bites you. The quokka misses you.
The jackal bites you.
The jackal bites you but does no damage.
The adder closely misses you. The quokka bites you.
You are too injured to fight recklessly!
The jackal bites you but does no damage. x2
The adder barely misses you. The quokka closely misses you.
The jackal misses you. The jackal closely misses you.
You climb upwards.
There is a stone staircase leading down here.
You completely miss the adder.
The adder is heavily wounded.
The adder bites you but does no damage. The quokka barely misses you.
The jackal bites you. The jackal completely misses you.
The adder bites you but does no damage.
You miss the adder.
The adder is heavily wounded.
The jackal bites you but does no damage. x2
The quokka barely misses you. The adder barely misses you.
The jackal bites you but does no damage.
The jackal barely misses you.
The quokka bites you but does no damage.
The adder completely misses you.
You hit the adder.
The adder is almost dead.
The jackal closely misses you.
The jackal bites you but does no damage.
The adder closely misses you. The quokka bites you.
* * * LOW HITPOINT WARNING * * *
The jackal bites you but does no damage.
The jackal bites you.
* * * LOW HITPOINT WARNING * * *
You hit the adder.
You kill the adder!
Dithmenos accepts your kill.
The quokka bites you but does no damage.
The jackal closely misses you. The jackal bites you.
You die...

###########.....# #.....#
#..#### ######## #.##
.......####.#
....##.#....#######
###......###......#
.#####..........r.# .#
#..####....@h########
.#####..#....####h.......#
.##.......#### #........#
###.###..## #........#
..........#######........#
...######.##.............#
..######.....####........#
.........##.## #.........#
(.#########.)###.........#


You could see a quokka and 2 jackals.

Vanquished Creatures
  An adder (D:1)
  2 dart slugs (D:1)
  4 bats (D:1)
  4 endoplasms (D:1)
  A giant cockroach (D:1)
  2 goblins (D:1)
  A hobgoblin (D:1)
  14 jackals (D:1)
  2 kobolds (D:1)
  5 ball pythons
  3 frilled lizards (D:1)
39 creatures vanquished.

Notes
Turn   | Place    | Note
-------+----------+-------------------------------------------
     0 | D:1      | Smaepdii the Gargoyle Fighter began the quest for the Orb.
     0 | D:1      | Reached XP level 1. HP: 14/14 MP: 1/1
    79 | D:1      | Reached XP level 2. HP: 11/19 MP: 2/2
   210 | D:1      | Found a faded altar of an unknown god.
   270 | D:1      | Became a worshipper of Dithmenos the Shadowed
   270 | D:1      | Reached * piety under Dithmenos
   317 | D:1      | Reached skill level 3 in Maces & Flails
   363 | D:1      | Reached XP level 3. HP: 15/23 MP: 3/3
   651 | D:1      | Reached ** piety under Dithmenos
  1176 | D:1      | Reached skill level 4 in Maces & Flails
  1285 | D:2      | Found an iron altar of Okawaru.
  1300 | D:1      | HP: 1/23 [jackal (3)]
  1301 | D:1      | Slain by a jackal

Illustrated notes

Levels and vault maps discovered:
D:1:      dpeg_arrival_rhombus, layout_rooms, basic_ecumenical_altar,
          grunt_decor_clamped
D:2:      layout_basic, basic_altar, minmay_circle_x, uniq_jessica

Skill      XL: |  1  2  3 |
---------------+----------+-----
Maces & Flails | 3 4 |  4.0
Fighting       | |  3.2
Armour         | |  3.2
Shields        | |  3.2

Action                   || total
-------------------------++-------
Melee: Flail             ||   126
Armor: Scale mail        ||   132
Dodge: Dodged            ||   177
